 Dungeon Crawl Stone Soup version 0.20.0-4-g10b340a (webtiles) character file.

44 grisnicke the Chopper (level 3, -4/30 HPs)
             Began as a Hill Orc Skald on May 27, 2017.
             Slain by a gnoll
             ... wielding a +0 spear
              (6 damage)
             ... on level 1 of the Dungeon.
             The game lasted 00:02:46 (939 turns).

grisnicke the Chopper (Hill Orc Skald)               Turns: 939, Time: 00:02:47

Health: -4/30      AC:  6    Str: 16    XL:     3   Next: 60%
Magic:  5/5        EV: 11    Int: 13    God:
Gold:   51         SH:  0    Dex: 10    Spells: 4/5 levels left

rFire    . . .     SeeInvis .   a - +0 hand axe
rCold    . . .     Gourm    .   (no shield)
rNeg     . . .     Faith    .   n - +0 ring mail
rPois    .         Spirit   .   g - +1 hat
rElec    .         Reflect  .   (no cloak)
rCorr    .         Harm     .   (no gloves)
MR       .....                  (no boots)
Stlth    ..........             q - amulet of regeneration {+regen, !d}
Regen    0.5/turn               i - +2 ring of strength
MPRegen  0.1/turn               (no ring)

@: no status effects
A: no striking features
a: no special abilities


You were on level 1 of the Dungeon.
You were not hungry.

You visited 1 branch of the dungeon, and saw 2 of its levels.

You collected 51 gold pieces.

Inventory:

Hand Weapons
 a - a +0 hand axe (weapon)
Missiles
 m - 50 stones (quivered)
Armour
 b - a +0 leather armour
 g - a +1 hat (worn)
   (You found it on level 1 of the Dungeon)
 n - a +0 ring mail (worn)
   (You found it on level 1 of the Dungeon)
Jewellery
 i - a +2 ring of strength (left hand)
   (You found it on level 1 of the Dungeon)
 q - an amulet of regeneration (around neck) {+regen, !d}
   (You found it on level 1 of the Dungeon)
Scrolls
 e - a scroll of remove curse {unknown}
 h - a scroll of recharging {unknown}
 k - a scroll of magic mapping {unknown}
Potions
 j - a potion of heal wounds {unknown}
 l - a potion of curing {unknown}
 r - a potion of berserk rage {unknown}
Books
 c - a book of Battle
Comestibles
 d - a bread ration {@e1}
 f - 3 chunks of flesh {@w0}
 o - a meat ration {@e2}
 p - a royal jelly


   Skills:
 - Level 2.4 Fighting
 + Level 5.1 Axes
 - Level 1.1 Armour
 - Level 1.5 Dodging
 - Level 1.5 Spellcasting
 - Level 2.6 Charms


You had 4 spell levels left.
You knew the following spells:

 Your Spells              Type           Power        Failure   Level  Hunger
a - Infusion              Chrm           #...         17%         1    ##.....


Dungeon Overview and Level Annotations

Branches:
Dungeon (2/15)

Altars:
Dithmenos


Message History

You butcher the rat corpse.
f - 7 chunks of flesh {@w0} (gained 1) Some of the chunks of flesh in your inventory have rotted away.
m - 50 stones (gained 23) Done exploring.
Done exploring.
Some of the chunks of flesh in your inventory have rotted away.
There is a stone staircase leading down here.
You climb downwards.
There is a stone staircase leading up here.
r - a bubbling sapphire potion A goblin comes into view.
It is wielding a dagger.
The goblin shouts!
You hit the goblin. The goblin closely misses you.
You barely miss the goblin. The goblin barely misses you.
You slash the goblin!
You kill the goblin!
Things that are here:
a dagger; a goblin corpse You butcher the goblin corpse.
f - 4 chunks of flesh {@w0} (gained 2)
You see here a dagger.
Found a shadowy altar of Dithmenos.
A frilled lizard comes into view.
The frilled lizard hisses angrily.
A gnoll comes into view.
You now have 51 gold pieces (gained 13).
There are no items here.
The frilled lizard closely misses you.
A frilled lizard comes into view.
The frilled lizard hisses angrily.
You hit the gnoll. You closely miss the frilled lizard.
The gnoll hits you but does no damage. The frilled lizard closely misses you.
The frilled lizard moves out of view.
You slash the gnoll! The gnoll hits you but does no damage.
You hit the gnoll.
You kill the gnoll!
You have reached level 3!
Your experience leads to an increase in your attributes!
Your base attributes are Str 13, Int 13, Dex 10.
Increase (S)trength, (I)ntelligence, or (D)exterity?
You feel stronger.
Health restored: 30; MP restored: 5 You closely miss the frilled lizard.
The frilled lizard bites you but does no damage.
You miss the frilled lizard.
The frilled lizard completely misses you.
You barely miss the frilled lizard.
The frilled lizard bites you but does no damage.
The frilled lizard completely misses you.
You hit the frilled lizard. The frilled lizard misses you.
You closely miss the frilled lizard.
The frilled lizard bites you but does no damage.
You hit the frilled lizard.
You kill the frilled lizard!
The frilled lizard bites you but does no damage.
You slash the frilled lizard!
You kill the frilled lizard!
Some of the chunks of flesh in your inventory have rotted away.
A gnoll comes into view. It is wielding a spear.
The gnoll shouts!
You hear a shout! 2 gnolls come into view.
You see here a dagger.
There is a stone staircase leading up here.
You hit the gnoll. The gnoll misses you.
You hit the gnoll. The gnoll hits you with a whip.
You take 4 damage, and have 26/30 hp.
You slash the gnoll!
You kill the gnoll!
Your Axes skill increases to level 5!
The gnoll hits you from afar with a spear.
You take 3 damage, and have 23/30 hp.
The gnoll closely misses you.
The gnoll hits you from afar with a spear.
There is a stone staircase leading up here.
You take 2 damage, and have 21/30 hp.
You barely miss the gnoll. The gnoll hits you with a spear.
The gnoll hits you from afar with a spear.
You take 5 damage, and have 16/30 hp.
The gnoll completely misses you.
The gnoll hits you from afar with a spear.
You climb upwards.
There is a stone staircase leading down here.
You take 4 damage, and have 12/30 hp.
You hit the gnoll. The gnoll hits you but does no damage.
You hit the gnoll. The gnoll hits you with a spear.
* * * LOW HITPOINT WARNING * * *
You take 4 damage, and have 9/30 hp.
You closely miss the gnoll. The gnoll hits you with a spear.
* * * LOW HITPOINT WARNING * * *
You take 3 damage, and have 6/30 hp.
You closely miss the gnoll. The gnoll hits you but does no damage.
You hit the gnoll but do no damage. The gnoll hits you with a spear.
* * * LOW HITPOINT WARNING * * *
You take 2 damage, and have 4/30 hp.
You closely miss the gnoll. The gnoll hits you with a spear.
* * * LOW HITPOINT WARNING * * *
You take 3 damage, and have 1/30 hp.
You barely miss the gnoll. The gnoll hits you with a spear.
You die...

############# ###...........#
##.#.#########.# ##.#..## #.#
##.###..###### #.# #.##
##......###.#
##.###...###.....#
#..#.).....####.#
##..@....##.## #.#
###..g.....#.#.###.#
##......#..#.###.##.#
####...........## ##...#
#...........#.#.###.##.#
#.##........#.##...###.#
#.###......##.#.....##.####
#.###.#...###.#............
###.##......)................


You could see a gnoll.

Vanquished Creatures
  2 gnolls (D:2)
  An ooze (D:1)
  3 bats (D:1)
  A giant cockroach (D:1)
  2 goblins
  2 hobgoblins (D:1)
  4 frilled lizards
  A kobold (D:1)
  6 rats (D:1)
22 creatures vanquished.

Notes
Turn   | Place    | Note
-------+----------+-------------------------------------------
     0 | D:1      | grisnicke the Hill Orc Skald began the quest for the Orb.
     0 | D:1      | Reached XP level 1. HP: 18/18 MP: 3/3
    24 | D:1      | Reached skill level 3 in Axes
   209 | D:1      | HP: 2/18 [hobgoblin/club (5)]
   213 | D:1      | Reached XP level 2. HP: 4/25 MP: 0/4
   214 | D:1      | HP: 3/25 [bat (1)]
   220 | D:1      | HP: 2/25 [bat (1)]
   624 | D:1      | Reached skill level 4 in Axes
   874 | D:2      | Found a shadowy altar of Dithmenos.
   889 | D:2      | Reached XP level 3. HP: 30/30 MP: 5/5
   927 | D:2      | Reached skill level 5 in Axes
   935 | D:1      | HP: 6/30 [gnoll/spear (4)]
   938 | D:1      | HP: 1/30 [gnoll/spear (3)]
   939 | D:1      | Slain by a gnoll

Skill      XL: |  1  2  3 |
---------------+----------+-----
Axes           | 3 4 5 |  5.1
Fighting       | |  2.4
Armour         | |  1.1
Dodging        | |  1.5
Spellcasting   | |  1.5
Charms         | |  2.6

Action                   || total
-------------------------++-------
Melee: Hand axe          ||    83
 Cast: Infusion          ||     2
 Stab: Sleeping          ||     1
Armor: Leather armour    ||     5
       Ring mail         ||    23
Dodge: Dodged            ||    44

Vault maps used:
D:1:      lordsloth_arrival_two_stooges
D:2:      grunt_dithmenos_smoke_and_mirrors, first_bread, minmay_misc_feat_tower

Table legend:
 A = Turns spent in this place as a percentage of turns spent in the entire game.
 B = Non-inter-level travel turns spent in this place as a percentage of non-inter-level travel turns spent in the entire game.
 C = Inter-level travel turns spent in this place as a percentage of turns spent in this place.
 D = Turns resting spent in this place as a percentage of non-inter-level travel turns spent in this place.
 E = Turns spent auto-exploring this place as a percentage of non-inter-level travel turns spent in this place.
 F = Non-inter-level travel turns spent in this place divided by the number of levels of this place that you've seen.
                   A       B       C       D       E      F
               +-------+-------+-------+-------+-------+----------------------
         Total | 100.0 | 100.0 |   0.4 |   0.7 |   6.5 | 138.5
       Dungeon | 100.0 | 100.0 |   0.4 |   0.7 |   6.5 | 138.5
               +-------+-------+-------+-------+-------+----------------------

Table legend:
 A = Kills in this place as a percentage of kills in entire the game.
 B = Kills by you in this place as a percentage of kills by you in the entire game.
 C = Kills by friends in this place as a percentage of kills by friends in the entire game.
 D = Other kills in this place as a percentage of other kills in the entire game.
 E = Experience gained in this place as a percentage of experience gained in the entire game.
 F = Experience gained in this place divided by the number of levels of this place that you have seen.
                   A       B       C       D       E      F
               +-------+-------+-------+-------+-------+----------------------
         Total | 100.0 | 100.0 |  -nan |  -nan | 100.0 |  31.5
       Dungeon | 100.0 | 100.0 |  -nan |  -nan | 100.0 |  31.5
               +-------+-------+-------+-------+-------+----------------------
